 Dungeon Crawl Stone Soup version 0.29-a0-512-gf59ac788ac (webtiles) character file.

Game seed: 11992148346334218030

20 Demosthentine the Skirmisher (level 2, -1/16 HPs)
             Began as a Vine Stalker Chaos Knight on May 30, 2022.
             Was a Plaything of Xom.
             Slain by a worm (3 damage)
             ... on level 2 of the Dungeon.
             The game lasted 00:00:42 (707 turns).

Demosthentine the Skirmisher (VSCK)                  Turns: 707, Time: 00:00:43

Health: -1/16      AC:  5    Str: 14    XL:     2   Next: 79%
Magic:  0/3        EV: 11    Int: 12    God:    Xom [.*....]
Gold:   62         SH:  0    Dex: 13    Spells: 1/1 levels left

rFire   . . .      SeeInvis .   a - +0 hand axe (chaos)
rCold   . . .      Faith    .   (no shield)
rNeg    . . .      Spirit   +   b - +2 leather armour
rPois   .          Reflect  .   (no helmet)
rElec   .          Harm     .   (no cloak)
rCorr   .          Rampage  .   (no gloves)
Will    .....                   (no boots)
Stlth   +.........              (no amulet)
HPRegen 0.05/turn               (no ring)
MPRegen 0.08/turn               (no ring)

@: no status effects
A: fangs 2, magic shield, antimagic bite, no potion heal 2
a: Renounce Religion


You were on level 2 of the Dungeon.
You worshipped Xom.
You were a plaything of Xom.
You visited 1 branch of the dungeon, and saw 2 of its levels.

You collected 62 gold pieces.

Inventory:

Hand Weapons
 a - a +0 hand axe of chaos (weapon)
Armour
 b - a +2 leather armour (worn)
Jewellery
 h - a ring of resist corrosion
Scrolls
 d - a scroll of identify {unknown}
Potions
 e - a potion of magic {unknown}
 g - a potion of flight {unknown}
 i - a potion of curing {unknown}
 j - a potion of brilliance {unknown}
 k - a potion of heal wounds {unknown}
Miscellaneous
 c - a piece from Xom's chessboard (14/15) (quivered)


   Skills:
 + Level 2.9 Fighting
 + Level 2.9 Axes
 + Level 1.9 Armour
 + Level 1.2 Dodging


You had one spell level left.
You didn't know any spells.
Your spell library was empty.

Dungeon Overview and Level Annotations

Branches:
Dungeon (2/15)

Altars:


Innate Abilities, Weirdness & Mutations

You have extremely sharp teeth.
When hurt, damage is shared between your health and your magic reserves.
Your bite disrupts and absorbs the magic of your enemies.
Potions cannot restore your health.


Message History

The helpless worm fails to defend itself.
You hit the worm. You bite the worm, but do no damage.
The worm is lightly wounded.
The helpless worm fails to defend itself.
You hit the worm but do no damage. You drain the worm.
The worm is lightly wounded.
The helpless worm fails to defend itself.
You hit the worm.
Space warps around the worm.
You bite the worm. You drain its power.
The worm is lightly wounded.
The helpless worm fails to defend itself.
You hit the worm.
The worm is lightly wounded.
The helpless worm fails to defend itself.
You hit the worm. You bite the worm. You drain its power.
The worm is lightly wounded.
The helpless worm fails to defend itself.
You hit the worm but do no damage.
Space warps around the worm.
The worm is moderately wounded.
The helpless worm fails to defend itself.
You slash the worm!
The worm is moderately wounded.
The helpless worm fails to defend itself.
You slash the worm!
The worm is heavily wounded.
The helpless worm fails to defend itself.
You hit the worm. Lightning courses through the worm! You bite the worm.
You drain its power.
The worm is severely wounded.
The helpless worm fails to defend itself.
You hit the worm but do no damage.
The worm is heavily wounded.
The helpless worm fails to defend itself.
You hit the worm. You burn the worm. You bite the worm. You drain its power.
The worm is severely wounded.
The helpless worm fails to defend itself.
You hit the worm.
The worm is poisoned.
You bite the worm. You drain its power.
The worm is severely wounded.
The worm is no longer petrified.
The worm bites you.
You die...

...# #...# ####...#
#..#...# ##......#
##.......#
#######........#
#.........@w...#
.......#.#.#.###
...........#.#
........#.##.######
..........#.......#
.........##.......#
..........##.......#
........#.##.......#
..........##.......#


You could see a worm (fast, agile, very poisoned, drained).

Vanquished Creatures
  2 dart slugs (D:1)
  3 ball pythons (D:1)
  2 endoplasms (D:1)
  A goblin (D:1)
  2 hobgoblins (D:1)
  A bat (D:1)
  2 frilled lizards (D:1)
  A kobold (D:1)
  A rat (D:1)
15 creatures vanquished.

Notes
Turn   | Place    | Note
-------+----------+-------------------------------------------
     0 | D:1      | Demosthentine the Vine Stalker Chaos Knight began the quest
                  | for the Orb.
     0 | D:1      | Reached XP level 1. HP: 11/11 MP: 2/2
   152 | D:1      | Reached skill level 1 in Dodging
   156 | D:1      | Reached XP level 2. HP: 16/16 MP: 3/3
   158 | D:1      | XOM: scenery: summon butterflies
   466 | D:1      | Found a faded altar of an unknown god.
   707 | D:2      | Slain by a worm

Illustrated notes

Levels and vault maps discovered:
D:1:      dpeg_arrival_water_temple_mockup, layout_rooms,
          nicolae_ecumenical_snake_handling
D:2:      layout_rooms

Skill      XL: |  1 |
---------------+----+-----
Dodging        | 1 |  1.2
Fighting       | |  2.9
Axes           | |  2.9
Armour         | |  1.9

Action                   || total
-------------------------++-------
Melee: Hand axe          ||    43
       Bite              ||    15
Evoke: Piece from Xom's  ||     1
  Use: Scroll            ||     2
 Stab: Petrified         ||    14
Armor: Leather armour    ||     8
Dodge: Dodged            ||    10

Table legend: (Time is in decaauts)
 A = Elapsed time spent in this place.
 B = Non-inter-level travel time spent in this place.
 C = Inter-level travel time spent in this place.
 D = Time resting spent in this place.
 E = Time spent auto-exploring this place.
 F = Levels seen in this place.
 G = Mean time per level.
                   A        B        C        D        E       F      G
               +--------+--------+--------+--------+--------+-----+--------+
         Total |    712 |    693 |     19 |      0 |    565 |   2 |  356.0 |
       Dungeon |    712 |    693 |     19 |      0 |    565 |   2 |  356.0 |
               +--------+--------+--------+--------+--------+-----+--------+

Top non-repeatable levels by time:
     D:1: 653 daAuts
     D:2: 59 daAuts
